 Dungeon Crawl Stone Soup version 0.30.0-13-g156ef70053 (webtiles) character file.

Game seed: 12786938263150762913

8 browni3141 the Firebug (level 2, 19/19 HPs)
             Began as a Demonspawn Fire Elementalist on May 17, 2023.
             Got out of the dungeon alive.
             The game lasted 00:00:20 (520 turns).

browni3141 the Firebug (DsFE)                        Turns: 520, Time: 00:00:20

Health: 19/19      AC:  2    Str:  8    XL:     2   Next: 0%
Magic:  5/5        EV: 12    Int: 16    God:
Gold:   34         SH:  0    Dex: 13    Spells: 4/5 levels left

rFire   . . .        p - +0 club
rCold   . . .        (no shield)
rNeg    . . .        a - +0 robe
rPois   .            (no helmet)
rElec   .            (no cloak)
rCorr   .            (no gloves)
SInv    .            (no boots)
Will    .....        (no amulet)
Stlth   ++           (no ring)
HPRegen 0.23/turn    (no ring)
MPRegen 0.09/turn

%: no passive effects
@: no status effects
A: weakness stinger 1
a: no special abilities


You escaped.
You visited 1 branch of the dungeon, and saw 1 of its levels.

You collected 34 gold pieces.

Inventory:

Hand Weapons
 p - a +0 club (weapon)
Missiles
 Z - a throwing net
Armour
 a - a +0 robe (worn)
Scrolls
 o - a scroll of enchant weapon {unknown}
 q - 2 scrolls of magic mapping {unknown}
Potions
 m - a potion of magic
 n - 2 potions of curing {unknown}


   Skills:
 + Level 1.9 Dodging
 + Level 2.0 Stealth
 + Level 2.1 Spellcasting
 + Level 1.2 Conjurations
 + Level 2.8 Fire Magic


You had 4 spell levels left.
You knew the following spells:

 Your Spells              Type           Power      Damage    Failure   Level
z - Foxfire               Conj/Fire      32%        2x1d5     9%          1

Your spell library contained the following spells:

 Spells                   Type           Power      Damage    Failure   Level
 Scorch                   Fire           20%        2d5       10%         2
 Inner Flame              Hex/Fire       6%         N/A       34%         3
 Volatile Blastmotes      Fire/Tloc      12%        2d11      34%         3
 Flame Wave               Conj/Fire      8%         2d5       65%         4


Dungeon Overview and Level Annotations

Branches:
Dungeon (1/15)

Altars:


Innate Abilities, Weirdness & Mutations

You have a small tail.


Message History

You now have 18 gold pieces (gained 9).
You conjure some foxfire!
You conjure some foxfire!
The foxfire hits the quokka.
The quokka is almost dead.
You conjure some foxfire!
The foxfire hits the quokka but does no damage.
The quokka is almost dead.
The foxfire hits the quokka but does no damage.
The quokka is almost dead.
You are out of magic!
The foxfire hits the quokka.
You kill the quokka!
Your foxfire dissipates!
Your foxfire dissipates!
Found a stone staircase leading down.
There is a stone staircase leading down here.
A goblin comes into view. It is wielding a +0 dagger.
A goblin is nearby!
A goblin is nearby!
You conjure some foxfire!
You conjure some foxfire!
The goblin shouts!
The foxfire hits the goblin.
The goblin is severely wounded.
The foxfire hits the goblin.
You kill the goblin!
You see here 5 stones.
Things that are here:
a +0 dagger; a goblin corpse You now have 26 gold pieces (gained 8).
n - a golden potion A goblin comes into view.
It is wielding a +0 club.
A goblin is nearby!
A goblin is nearby!
A goblin is nearby!
You conjure some foxfire!
Your foxfire dissipates!
You conjure some foxfire!
The foxfire hits the goblin.
You kill the goblin!
You conjure some foxfire!
You are out of magic!
Your foxfire dissipates!
Your foxfire dissipates! x3
o - a scroll labelled LEGALI BAFFUDU You now have 31 gold pieces (gained 5).
Things that are here:
a +0 club; a goblin corpse
p - a +0 club (weapon)
You now have 34 gold pieces (gained 3).
q - 2 scrolls labelled DECIYDGHELOS You see here a +0 robe.
A kobold comes into view. It is wielding a +0 whip.
A kobold is nearby!
A kobold is nearby!
You conjure some foxfire!
You conjure some foxfire!
The kobold shouts!
The foxfire hits the kobold.
You kill the kobold!
You conjure some foxfire!
Your foxfire dissipates! x2
Your foxfire dissipates!
Your foxfire dissipates! x2
An endoplasm comes into view.
An endoplasm is nearby!
An endoplasm is nearby!
An endoplasm is nearby!
You are out of magic!
You are out of magic!
Things that are here:
a +0 whip; a kobold corpse The endoplasm quivers.
You hit the endoplasm.
The endoplasm is severely wounded.
The endoplasm freezes you.
You are frozen.
You hit the endoplasm.
You kill the endoplasm!
HP restored.
n - 2 golden potions (gained 1)
Z - a throwing net You see here a +0 leather armour.
Found a stone staircase leading down.
There is a stone staircase leading down here.
A frilled lizard comes into view.
A frilled lizard is nearby!
A frilled lizard is nearby!
You conjure some foxfire!
You conjure some foxfire!
The foxfire hits the frilled lizard.
You kill the frilled lizard!
Your Stealth skill increases to level 2!
You have reached level 2!
Your demonic ancestry asserts itself...
You grow a small tail.
Your foxfire dissipates!
Your foxfire dissipates!
There is a stone staircase leading down here.
There is a staircase leading out of the dungeon here.
Are you sure you want to leave the Dungeon?
This will make you lose the game!
You have escaped!

#.#...........#.# #.#
##....)#.#.....##
####......#.#......#
#..#......#.#......#
#.##....#.#.#.#....#
#.##...##.#.#.##...#
#..#.....⌠#.#⌠.....#
##.#..#####.#####..###
#.........@.........#
###..#####.#####..#.#
#.....⌠#.#⌠.....#.#
#...##.#.#.##...#.#
#....#.#.#.#....#.#
#......#.#......#.##
#......#.#......##.#
##.....#.#.....##.##
#.#...........#.###


There were no monsters in sight!

Vanquished Creatures
  An endoplasm (D:1)
  2 goblins (D:1)
  A kobold (D:1)
  2 quokkas (D:1)
  A frilled lizard (D:1)
7 creatures vanquished.

Vanquished Creatures (others)
  24 foxfires (D:1)
24 creatures vanquished.

Grand Total: 31 creatures vanquished

Notes
Turn   | Place    | Note
-------+----------+-------------------------------------------
     0 | D:1      | browni3141 the Demonspawn Fire Elementalist began the quest
                  | for the Orb.
     0 | D:1      | Reached XP level 1. HP: 13/13 MP: 3/3
   458 | D:1      | Gained mutation: You have a small tail. [demonic ancestry]
   458 | D:1      | Reached XP level 2. HP: 19/19 MP: 1/5
   520 | D:$      | Got out of the dungeon alive.

Illustrated notes

Levels and vault maps discovered:
D:1:      matt_arrival_grand_opening, layout_loops_ring,
          dreamdust_ecumenical_altar_grove

Skill      XL: |  1 |
---------------+----+-----
Stealth        | 2 |  2.0
Dodging        | |  1.9
Spellcasting   | |  2.1
Conjurations   | |  1.2
Fire Magic     | |  2.8

Action                     || total
---------------------------++-------
  Melee: Club              ||     2
   Cast: Foxfire           ||    16
